[Event "Romanian Championship 2024"]
[Site "Eforie Nord"]
[Date "2024.02.25"]
[Round "2.6"]
[White "Bulmaga, Irina"]
[Black "Vilcu, Matei-Stefan"]
[Result "1-0"]
[ECO "B96"]
[WhiteElo "2439"]
[BlackElo "2176"]
[Annotator "TA"]
[PlyCount "73"]
[EventDate "2024.02.24"]
[EventType "swiss"]
[EventCountry "ROU"]
[SourceTitle "playchess.com"]
[Source "ChessBase"]
[SourceQuality "1"]
[TimeControl "40/5400+30:900+30"]

1. e4 c5 2. Nf3 d6 3. d4 cxd4 4. Nxd4 Nf6 5. Nc3 a6 6. Bg5 e6 7. f4 Nbd7 8. Qe2 Qc7 9. O-O-O b5 10. a3 Bb7 11. g4 Be7 12. Bxf6 {[%emt 0:04:56] White is slightly better.} Bxf6 13. g5 Bxd4 14. Rxd4 e5 15. fxe5 Nxe5 16. Qd1 Rd8 17. h4 O-O 18. Bh3 (18. h5 $14) 18... Nc4 19. Qf3 Qc5 20. Rhd1 {[%emt 0:05:39] [#]} Nxa3 $1 21. bxa3 Qxa3+ 22. Kd2 $1 {[%emt 0:00:57] Strongly threatening Qd3.} b4 23. Rb1 (23. Rf1 $11 bxc3+ (23... Qxc3+ 24. Qxc3 bxc3+ 25. Kxc3 $15) 24. Qxc3 Qxc3+ 25. Kxc3) 23... Qxc3+ (23... bxc3+ 24. Qxc3 Qxc3+ 25. Kxc3 $14) ({Black should play} 23... d5 $1 $15 24. e5 (24. Rbxb4 $2 dxe4 25. Qe3 Qxb4 $19) 24... bxc3+ (24... Qxc3+ 25. Qxc3 bxc3+ 26. Kd3 $11) 25. Qxc3 Qe7) 24. Qxc3 $11 bxc3+ 25. Kxc3 Bc8 26. Bf1 f5 (26... Rfe8 $11 {keeps the balance.}) 27. Bc4+ $1 $16 {[%emt 0:08:38][%mdl 1024] White has strong compensation.} Kh8 {[%emt 0:00:01] [#]} 28. e5 f4 (28... dxe5 $2 29. Rxd8 Rxd8 30. Rb8) (28... d5 29. Bxd5) 29. e6 $36 {[%emt 0:22:27][%mdl 2048] And now e7 would win. White is in control.} ({But not} 29. exd6 f3 $16) 29... Rde8 30. Re4 {[%emt 0:05:02] White is much more active.} (30. Rxd6 $16 {[%cal Oc3d4] Threatens to win with Kd4!} f3 31. h5 (31. Bxa6 Bxe6 32. Re1 Bh3 $11)) 30... Re7 $14 31. Rb8 f3 {[%emt 0:01:28][%mdl 8192] [#]} (31... Kg8 $14) 32. Rf4 $3 $18 Rfe8 {[%emt 0:00:53] [#]} (32... Rg8 33. Rf7) 33. Bxa6 $1 Bxe6 {[%emt 0:00:27] [#]} (33... Rxe6 34. Rxc8) 34. Rf8+ $1 Rxf8 35. Rxf8+ Bg8 {[%emt 0:00:01] [#]} 36. Bc4 $1 {[%emt 0:00:10][%csl Gc4][%cal Rf8g8] Prevents Rf7.} ({Weaker is} 36. Rxf3 g6 $14) 36... d5 37. Bxd5 {[%emt 0:00:09] Weighted Error Value: White=0.11 (very precise) /Black=0.58.  Loses game:     	---       	Black=1      Mistake:       	White=3     	Black=2      Inaccurate:     	---       	Black=1      OK:         	White=7     	Black=8      Best:        	---       	Black=2      Strong:       	White=2     	---        Brilliant:      	White=2     	Black=1} 1-0

[Event "Romanian Championship 2024"]
[Site "Eforie Nord"]
[Date "2024.02.25"]
[Round "2.7"]
[White "Nastore, Pavel-Alexandru"]
[Black "Magold, Filip"]
[Result "0-1"]
[ECO "A43"]
[WhiteElo "2182"]
[BlackElo "2400"]
[Annotator "TA"]
[PlyCount "60"]
[EventDate "2024.02.24"]
[EventType "swiss"]
[EventCountry "ROU"]
[SourceTitle "playchess.com"]
[Source "ChessBase"]
[SourceQuality "1"]
[TimeControl "40/5400+30:900+30"]

1. e4 g6 2. d4 Bg7 3. Nf3 d6 4. h3 Nf6 5. Nc3 O-O 6. Be2 c5 7. d5 b5 8. Bxb5 {[%emt 0:12:29] [#]} Nxe4 $1 9. Nxe4 {[%emt 0:05:15] And now a4 would win.} Qa5+ 10. Nc3 Bxc3+ {[%emt 0:00:06] Black is slightly better.} 11. bxc3 Qxb5 12. Nd2 $1 Qa4 13. O-O Bf5 14. Nb3 f6 15. Re1 {[%emt 0:02:00][%cal Og2g4] [#] Threatens to win with g4!} Rf7 16. Qe2 Bc8 17. Be3 (17. Qe4 $11 Qxe4 18. Rxe4) 17... Nd7 $17 18. Red1 Nb6 19. Qf3 Bf5 20. Rd2 a5 21. Qd1 ({Better is} 21. Bh6) 21... Qc4 22. Nc1 Be4 {[%emt 0:01:19][%cal Rb6d5] Black has more active pieces.} 23. f3 (23. Bh6 $17 {keeps fighting.}) 23... Qxc3 $19 24. Nd3 Bf5 25. Bf2 Nxd5 26. g4 Be6 27. Rb1 Nb4 28. a4 f5 {[%emt 0:02:24] Hoping for ...fxg4.} 29. Nf4 $2 (29. g5) 29... Ba2 30. Rxb4 axb4 {[%emt 0:00:17] Weighted Error Value: White=0.39/Black=0.07 (flawless) .  Mistake:       	White=4     	---        Inaccurate:     	White=1     	Black=1      OK:         	White=6     	Black=11     Best:        	White=1     	Black=1      Strong:       	White=1     	---} 0-1

[Event "Romanian Championship 2024"]
[Site "Eforie Nord"]
[Date "2024.02.25"]
[Round "2.8"]
[White "Pisu, Robert-Daniel"]
[Black "Stoleriu, George"]
[Result "0-1"]
[ECO "A40"]
[WhiteElo "2154"]
[BlackElo "2391"]
[Annotator "TA"]
[PlyCount "124"]
[EventDate "2024.02.24"]
[EventType "swiss"]
[EventCountry "ROU"]
[SourceTitle "playchess.com"]
[Source "ChessBase"]
[SourceQuality "1"]
[TimeControl "40/5400+30:900+30"]

1. d4 e6 2. c4 b6 3. a3 Bb7 4. Nc3 f5 5. Nf3 Nf6 6. d5 Na6 7. dxe6 {[%emt 0:21:30] A40: Unusual replies to 1 d4.} dxe6 8. Bf4 Bd6 9. Bxd6 Qxd6 $146 ({Predecessor:} 9... cxd6 10. e3 O-O 11. Be2 Nc5 12. O-O Nfe4 13. Rc1 Qf6 14. Qc2 Qg6 15. Rfd1 f4 16. exf4 Rxf4 {0-1 Wiechert,H (2218)-Schmitzer,K (2318) BL2-Ost 0001 2000 (1.5)}) 10. Qxd6 cxd6 11. Nd4 Ke7 12. e3 g6 13. f3 Nc5 14. Be2 Rac8 15. Rd1 a6 16. Kf2 Rhd8 17. b4 Ncd7 18. Na4 Rc7 19. Rd2 Rdc8 (19... d5 $15 20. c5 bxc5 21. Nxc5 Nxc5 22. bxc5 Rxc5) 20. Rhd1 d5 21. cxd5 Nxd5 22. b5 a5 23. Nc6+ Bxc6 24. bxc6 Rxc6 25. Bb5 R6c7 26. e4 fxe4 27. fxe4 Rf8+ 28. Kg1 N5f6 29. Rd6 Rb8 (29... Nxe4 $2 {loses.} 30. Rxd7+ Rxd7 31. Rxd7+ Kf6 32. Bd3 $18 (32. Nxb6 Rb8 $18) (32. Rxh7 Rc8 $18)) 30. h3 Ne5 (30... Nxe4 $2 31. Rxd7+ Rxd7 32. Rxd7+ Kf6 33. Rxh7 $18) 31. Rxb6 Rxb6 32. Nxb6 Rc5 33. a4 Nxe4 34. Nd7 Rxb5 $1 35. axb5 Nxd7 36. Ra1 Nd6 37. Rxa5 Nc8 38. Ra1 Ndb6 (38... e5 $17 39. Kf2 Nd6) 39. Rc1 $15 Kd7 40. Kf2 (40. Rf1 $15) 40... Nd6 $19 41. Rb1 e5 42. h4 h5 (42... Nd5 $19 {Hoping for ...e4.} 43. h5 gxh5) 43. Rb3 (43. g4 $17 {was worth a try.}) 43... Nf5 ({Black should play} 43... Ke6 $19 44. Kf1 e4) 44. Rd3+ Ke6 45. Rc3 Ne7 (45... Nxh4 $2 {perishes.} 46. Rc6+ Kd5 47. Rxb6 $18) 46. Kf3 Kf5 47. Rc5 Ned5 48. Rc6 e4+ 49. Kg3 (49. Ke2 $17 {might work better.}) 49... Na4 $2 (49... e3 $1 $19 {aiming for ...Ke4.} 50. Kf3 Ke5 51. Rxg6 Kd4) 50. Rd6 {[%emt 0:00:42] [#]} (50. Kf2 $11 {keeps the balance.}) 50... Nab6 (50... Ndb6 $1 $17) 51. Rc6 $1 $19 {[%emt 0:00:43] [#]} e3 $1 52. Kf3 Nd7 53. Rc8 $2 (53. Ke2) 53... Ne5+ $19 54. Ke2 Ke4 55. g3 (55. Kf1 $142 Kd4 56. Rg8) 55... Kd4 (55... g5 $142 {( -> ...gxh4)} 56. b6 Nxb6) 56. Rd8 $19 Nc4 57. Rg8 $2 (57. Kf3 $19) 57... Nc3+ 58. Ke1 Ne5 59. Rd8+ Ke4 60. Re8 Nxb5 61. Re7 Nd4 62. Re8 Nf5 0-1

[Event "Romanian Championship 2024"]
[Site "Eforie Nord"]
[Date "2024.02.25"]
[Round "2.9"]
[White "Radu, David Cr."]
[Black "Manolache, Marius"]
[Result "1/2-1/2"]
[ECO "B07"]
[WhiteElo "2142"]
[BlackElo "2387"]
[Annotator "TA"]
[PlyCount "109"]
[EventDate "2024.02.24"]
[EventType "swiss"]
[EventCountry "ROU"]
[SourceTitle "playchess.com"]
[Source "ChessBase"]
[SourceQuality "1"]
[TimeControl "40/5400+30:900+30"]

1. e4 c5 2. c3 d6 3. d4 Nf6 4. Bd3 g6 5. Nf3 Bg7 6. h3 O-O 7. O-O Nfd7 8. d5 Qc7 9. Qe2 Nb6 10. a4 {[%emt 0:01:55][%cal Ba2a4,Ba4a5][%mdl 32] White is better.} e5 11. Na3 {[%emt 0:09:45] a5 would now be deadly.} Qe7 12. a5 N6d7 13. Nb5 {[%emt 0:08:09] Hoping for Nc7.} a6 14. Na3 Nf6 (14... b6 $142) 15. Nc4 Nbd7 16. g4 {[%emt 0:03:25] Prevents Nh5.} Rb8 17. Bg5 h6 18. Bh4 {[%emt 0:00:32] White has more active pieces.} Re8 19. Nfd2 g5 20. Bg3 Nf8 21. Rfb1 Ng6 22. Qd1 Nf4 23. Bf1 Nd7 24. Ne3 Nf6 25. f3 Qc7 26. Ndc4 Bd7 27. Nb6 Bb5 (27... Kh7 $16 28. b4 h5 29. Nxd7 Nxd7) 28. c4 Bd7 29. Bf2 Kh7 30. b4 cxb4 31. Rxb4 Rh8 32. Rab1 Bf8 33. Qb3 Be8 34. Nf5 h5 35. Na4 hxg4 36. hxg4 Bxa4 37. Qxa4 Nd7 {[%emt 0:00:06] [#]} 38. Rb6 Kg8 (38... Kg6 $142) 39. R6b2 $1 $16 f6 40. Qa3 {[%emt 0:00:00][%cal Oc4c5] Threatens to win with c5!} Nc5 41. Bxc5 $1 dxc5 42. Qa2 Ng6 43. Bg2 (43. Rb6 $18) 43... Nf4 (43... Nh4 $16) 44. Rb6 $18 Qh7 {[%emt 0:00:24] aiming for ...Qh2+.} 45. Qf2 $1 (45. Rxf6 $2 Qh2+ 46. Kf1 Nh3 $19) 45... Qh2+ 46. Kf1 Qh7 47. R1b3 (47. Rxf6 Nxg2 $19) 47... Qd7 {[%emt 0:00:40] [#]} 48. Qa2 $1 (48. Rxf6 Rh2 49. Ne3 Nxg2 50. Nxg2 Rh1+ 51. Ke2 Qa4 $11) 48... Rh2 49. Rb2 Qh7 (49... Qd8 $16 50. Kg1 (50. Rxb7 Rxb7 51. Rxb7 Rxg2 $11) 50... Rh7) 50. Kg1 ({Stronger than} 50. Rxf6 Rxg2 $17) 50... Rd8 {[%emt 0:02:55] [#]} 51. Rxf6 (51. Qb3 $1 $18 {and White stays clearly on top.}) 51... Rd7 $2 (51... Qh8 $16) 52. Ng3 $2 (52. Qa4 $18) 52... Qh4 $11 {[%emt 0:00:31] The position is equal.} 53. Nf1 {[%emt 0:01:00] Chess con chili.} (53. Nf5 Rxg2+ 54. Rxg2 Qe1+ 55. Kh2 Rh7+) 53... Rxg2+ 54. Rxg2 {[%emt 0:00:07] Strongly threatening Rh2.} Nh3+ 55. Kh1 {[%emt 0:00:22] Weighted Error Value: White=0.29 (precise) /Black=0.19 (very precise) .  Loses game:     	---       	Black=1      Missed win:     	White=1     	---        Mistake:       	White=3     	Black=5      Inaccurate:     	White=1     	Black=2      OK:         	White=19    	Black=18     Best:        	White=1     	Black=3      Strong:       	White=3     	---} 1/2-1/2

[Event "Romanian Championship 2024"]
[Site "Eforie Nord"]
[Date "2024.02.25"]
[Round "2.10"]
[White "Ognean, Mihnea-Ionut"]
[Black "Voiteanu, Gabriel"]
[Result "1-0"]
[ECO "C48"]
[WhiteElo "2382"]
[BlackElo "2151"]
[Annotator "TA"]
[PlyCount "113"]
[EventDate "2024.02.24"]
[EventType "swiss"]
[EventCountry "ROU"]
[SourceTitle "playchess.com"]
[Source "ChessBase"]
[SourceQuality "1"]
[TimeControl "40/5400+30:900+30"]

1. e4 e5 2. Nf3 Nc6 3. Nc3 Nf6 4. Bb5 Bc5 5. Bxc6 dxc6 6. d3 Qe7 7. h3 h6 8. Be3 g5 {[%emt 0:10:11] The position is equal.} 9. Bxc5 Qxc5 10. d4 Qb4 11. Qd3 ({Don't play} 11. dxe5 Qxb2 12. Ne2 Nxe4 $15) 11... exd4 12. Qxd4 Qxd4 13. Nxd4 Bd7 14. h4 {[%emt 0:07:36] Threatens to win with hxg5.} O-O-O 15. Nde2 Ng4 16. Ng3 Rhe8 17. hxg5 hxg5 18. Rh5 f6 19. Ke2 Be6 20. b3 Bf7 21. Rhh1 c5 22. Rad1 Ne5 23. Rxd8+ Rxd8 24. Rh6 Ng4 25. Rh7 Bg8 26. Rg7 Be6 27. f3 (27. Re7 $1 $16 {[%cal Of2f3] Black must now prevent f3!} Bd7 28. f3) 27... Ne5 $14 28. Nh5 Rd7 29. Rxd7 Nxd7 30. Nd5 Bxd5 31. exd5 $11 {[%emt 0:00:04][%mdl 4096] Endgame. KN-KN} Kd8 32. Ke3 Ke7 33. Ke4 b5 $1 34. Kf5 Kf7 {[%emt 0:00:06] [#]} (34... a5 $11 {keeps the balance.}) 35. c4 ({Better is} 35. Ng3 $1 $16) 35... bxc4 36. bxc4 a5 37. g3 Ne5 $2 (37... Ke7 $11 {and Black stays safe.}) 38. Nxf6 $18 Nxf3 39. Ne4 {[%emt 0:00:07] Dodges Nd2} Ke7 40. Nxc5 $2 (40. g4) 40... Nd2 41. Kxg5 {[%emt 0:05:33] aiming for Nb7.} Nxc4 {[%emt 0:00:19] [#]} 42. Ne4 (42. Nb7 $1 $16) 42... Nb6 $2 (42... Ne3 $14) 43. Nf6 {[%emt 0:03:11] And now Kg6 would win.} Kd6 44. Kf5 (44. g4 $18) 44... a4 $2 {[%emt 0:06:35][%mdl 8192] A mistake that costs the game.} (44... Nc8 $16 45. Ke4 Ne7 46. Ne8+ Kd7) 45. g4 Nc8 46. Ke4 {[%emt 0:02:13] Kd4 would now be deadly.} Ne7 (46... Ke7 $142) 47. Kd4 Ng6 48. Ne4+ Kd7 49. a3 Ke7 50. g5 Nh4 51. Kc5 Ng6 52. Nc3 Nf4 53. Nxa4 {[%emt 0:00:29] Kc6 is the strong threat.} Nh3 54. Kc6 {[%emt 0:00:28] White mates.} Nxg5 55. Kxc7 Ne4 56. Nb6 Nc3 57. a4 {[%emt 0:00:16] Weighted Error Value: White=0.18 (very precise) /Black=0.63.  Loses game:     	---       	Black=3      Mistake:       	White=5     	Black=2      Inaccurate:     	White=3     	Black=5      OK:         	White=15    	Black=11     Best:        	White=3     	Black=5      Strong:       	---       	Black=1} 1-0

[Event "Romanian Championship 2024"]
[Site "Eforie Nord"]
[Date "2024.02.25"]
[Round "2.11"]
[White "Prelipcean, Eric-Matei"]
[Black "Ilinca, Felix-Antonio"]
[Result "0-1"]
[ECO "A43"]
[WhiteElo "2103"]
[BlackElo "2415"]
[Annotator "TA"]
[PlyCount "46"]
[EventDate "2024.02.24"]
[EventType "swiss"]
[EventCountry "ROU"]
[SourceTitle "playchess.com"]
[Source "ChessBase"]
[SourceQuality "1"]
[TimeControl "40/5400+30:900+30"]

1. d4 Nf6 2. Nf3 c5 3. d5 b5 4. Bg5 g6 5. Bxf6 exf6 6. e4 b4 7. Nbd2 {[%emt 0:02:38] Black is weak on the light squares} Bg7 8. Nc4 {[%emt 0:02:10] Black should prevent Nd6+. The position is equal.} O-O 9. Bd3 d6 10. O-O Qc7 11. Nfd2 Bb7 12. a3 a5 13. axb4 cxb4 14. Ra4 (14. Qg4 $11) 14... Nd7 $15 15. Qa1 {[%emt 0:03:27] [#]} (15. b3 $15) 15... f5 $1 $17 16. Rxa5 (16. exf5 Bxd5) 16... fxe4 17. Nxe4 Bxd5 {[%emt 0:11:49] White must now prevent ...Ne5.} 18. Nexd6 Qc6 {[%emt 0:06:15] Prevents Nb5} ({Black should try} 18... Nc5 $17 {[%cal Og7e5] ...Be5! is the strong threat.} 19. Rxa8 Rxa8) 19. Rxa8 {[%emt 0:10:01] Loses the game.} (19. Re1 $15) 19... Rxa8 $19 20. Qe1 Bf8 {[%emt 0:03:24] This pair of bishops is nice.} ({But not} 20... Bxg2 21. Be4 Bxe4 22. Qxe4 Qxe4 23. Nxe4 $17) 21. Ne3 (21. Qxb4 {was worth a try.} Bxc4 (21... Bxg2 22. Re1 $11) 22. Bxc4 Bxd6 (22... Qxd6 $2 23. Qxd6 Bxd6 24. Rd1 $19) 23. Qb3) 21... Bxd6 ({Weaker is} 21... Qxd6 22. Nxd5 Qxd5 23. Be4 $17) 22. Nxd5 Qxd5 23. Be4 $2 {[%emt 0:02:51] [#]} (23. Qe4 Qxe4 24. Bxe4) 23... Qe5 $1 {[%emt 0:00:16][%csl LRb2,LRh2] Weighted Error Value: White=0.53/Black=0.06 (flawless) .  Mistake:       	White=5     	Black=1      Inaccurate:     	White=1     	---        OK:         	White=4     	Black=7      Best:        	---       	Black=4      Brilliant:      	---       	Black=1} 0-1

[Event "Romanian Championship 2024"]
[Site "Eforie Nord"]
[Date "2024.02.25"]
[Round "2.12"]
[White "Secheres, Adrian-Simion"]
[Black "Coicev, Matei-Andrei"]
[Result "1/2-1/2"]
[ECO "A57"]
[WhiteElo "2371"]
[BlackElo "2122"]
[Annotator "TA"]
[PlyCount "60"]
[EventDate "2024.02.24"]
[EventType "swiss"]
[EventCountry "ROU"]
[SourceTitle "playchess.com"]
[Source "ChessBase"]
[SourceQuality "1"]
[TimeControl "40/5400+30:900+30"]

1. d4 Nf6 2. Nf3 c5 3. d5 b5 4. c4 bxc4 5. Nc3 g6 6. e4 d6 7. Bxc4 Bg7 8. O-O O-O 9. h3 Ba6 10. Bxa6 Nxa6 11. Qe2 Nc7 12. Rd1 Nd7 13. h4 (13. Bf4 $142) 13... h5 14. Bf4 Rb8 15. Rac1 a6 16. e5 dxe5 17. Nxe5 Nxe5 18. Bxe5 Bxe5 19. Qxe5 Qd6 20. Qg5 Rb4 {[%emt 0:03:45][%cal Ob4g4] Dodges Ne4} 21. Re1 Rd4 22. Ne4 ({Much worse is} 22. Rxe7 Nxd5 23. Nxd5 Rxd5 $15) (22. Qxe7 {simplifies} Qxe7 23. Rxe7 Nxd5 24. Nxd5 Rxd5 25. Rc2) 22... Qd8 23. d6 {[%emt 0:01:58] The position is equal.} (23. Rxc5 {simplifies} Rxd5 24. Rxd5 Nxd5 25. Rd1) 23... exd6 24. Nf6+ Kg7 25. Nxh5+ Kg8 {[%emt 0:01:15] [#] Hoping for ...Qxg5.} 26. Nf6+ Kg7 27. Re7 Ne6 $1 28. Nh5+ $1 Kg8 $1 29. Nf6+ Kg7 30. Nh5+ $1 Kg8 $1 {[%emt 0:00:06] Weighted Error Value: White=0.10 (very precise) /Black=0.08 (flawless) .  Mistake:       	White=1     	---        Inaccurate:     	White=2     	Black=2      OK:         	White=9     	Black=7      Best:        	White=1     	Black=4      Strong:       	White=2     	Black=3} 1/2-1/2

[Event "Romanian Championship 2024"]
[Site "Eforie Nord"]
[Date "2024.02.25"]
[Round "2.13"]
[White "Cnejev, Vladimir-Alexandru"]
[Black "Botea, David-Alexandru"]
[Result "1-0"]
[ECO "B40"]
[WhiteElo "2311"]
[BlackElo "2081"]
[Annotator "RC"]
[PlyCount "59"]
[EventDate "2024.02.24"]
[EventType "swiss"]
[EventCountry "ROU"]
[SourceTitle "playchess.com"]
[Source "ChessBase"]
[SourceQuality "1"]
[TimeControl "40/5400+30:900+30"]

1. e4 c5 2. Nf3 e6 3. c3 d5 4. e5 d4 5. Bd3 Bd7 6. Na3 Bc6 7. O-O Ne7 8. Re1 Ng6 9. Be4 Be7 10. cxd4 cxd4 11. d3 O-O 12. Nc2 Bxe4 13. Rxe4 Nc6 14. b3 Qc7 15. Ncxd4 Ngxe5 16. Nxe5 Nxd4 17. Bf4 Bd6 18. Rc1 Nc6 19. Qh5 Qa5 20. Qe2 Bxe5 21. Bxe5 Rad8 22. Bc3 Qd5 23. Rd1 Rd7 24. h3 Rfd8 25. Kh2 Qb5 26. Qb2 Rxd3 27. Rde1 g6 28. Bh8 e5 29. Rxe5 Nxe5 30. Rxe5 1-0

[Event "Romanian Championship 2024"]
[Site "Eforie Nord"]
[Date "2024.02.25"]
[Round "2.14"]
[White "Craciun, Sasha-Matei"]
[Black "Ciorgovean, Iustin"]
[Result "1/2-1/2"]
[ECO "B90"]
[WhiteElo "2080"]
[BlackElo "2310"]
[Annotator "RC"]
[PlyCount "42"]
[EventDate "2024.02.24"]
[EventType "swiss"]
[EventCountry "ROU"]
[SourceTitle "playchess.com"]
[Source "ChessBase"]
[SourceQuality "1"]
[TimeControl "40/5400+30:900+30"]

1. e4 c5 2. Nf3 d6 3. d4 cxd4 4. Nxd4 Nf6 5. Nc3 a6 6. h3 e5 7. Nde2 h5 8. g3 Be7 9. Bg2 b5 10. Nd5 Nxd5 11. Qxd5 Ra7 12. Be3 Be6 13. Qd2 Rb7 14. Nc3 Nd7 15. Nd5 Nf6 16. Nxe7 Kxe7 17. O-O Nd7 18. Rfd1 Qc7 19. a4 bxa4 20. Rxa4 Rxb2 21. Rxa6 Rxc2 1/2-1/2

[Event "Romanian Championship 2024"]
[Site "Eforie Nord"]
[Date "2024.02.25"]
[Round "2.15"]
[White "Serban, Cristian-Stefan"]
[Black "Moraru, Stefan-Robert"]
[Result "1-0"]
[ECO "E08"]
[WhiteElo "2309"]
[BlackElo "1221"]
[Annotator "RC"]
[PlyCount "121"]
[EventDate "2024.02.24"]
[EventType "swiss"]
[EventCountry "ROU"]
[SourceTitle "playchess.com"]
[Source "ChessBase"]
[SourceQuality "1"]
[TimeControl "40/5400+30:900+30"]

1. d4 Nf6 2. c4 e6 3. Nf3 c6 4. g3 d5 5. Bg2 Be7 6. O-O O-O 7. Qc2 h6 8. Nbd2 Nbd7 9. b3 c5 10. Bb2 cxd4 11. Bxd4 b6 12. Rfd1 Bb7 13. Qb2 Bc5 14. Bc3 Qe7 15. b4 Bd6 16. cxd5 Bxd5 17. e4 Nxe4 18. Nxe4 Bxe4 19. Bxg7 f6 20. Bxf8 Rxf8 21. Qd2 Ne5 22. Nxe5 Bxe5 23. Bxe4 Bxa1 24. Rxa1 Qg7 25. Rd1 f5 26. Bg2 Kh8 27. Qd7 Rf7 28. Qxe6 Rf6 29. Qe5 Kh7 30. Bh3 Qf7 31. Rc1 Kg6 32. Rc7 Qe6 33. Qxe6 Rxe6 34. Rxa7 Re1+ 35. Bf1 Kg5 36. Kg2 Rb1 37. a3 Ra1 38. Ra6 f4 39. Bd3 fxg3 40. hxg3 Rd1 41. f4+ Kf6 42. Rxb6+ Ke7 43. Be2 Rd2 44. Kf2 Ra2 45. Rxh6 Rxa3 46. g4 Rb3 47. b5 Kf8 48. g5 Kg7 49. f5 Rb4 50. f6+ Kf7 51. Rh7+ Kf8 52. Rh8+ Kf7 53. Bh5+ Ke6 54. f7 Rf4+ 55. Ke3 Rf5 56. Bg4 Kxf7 57. Bxf5 Kg7 58. Rh7+ Kg8 59. b6 Kf8 60. b7 Ke8 61. b8=Q# 1-0

[Event "Romanian Championship 2024"]
[Site "Eforie Nord"]
[Date "2024.02.25"]
[Round "2.16"]
[White "Costescu, Mihnea-Constantin"]
[Black "Prisacaru, Stefan-Emilian"]
[Result "0-1"]
[ECO "D35"]
[WhiteElo "1944"]
[BlackElo "2289"]
[Annotator "TA"]
[PlyCount "66"]
[EventDate "2024.02.24"]
[EventType "swiss"]
[EventCountry "ROU"]
[SourceTitle "playchess.com"]
[Source "ChessBase"]
[SourceQuality "1"]
[TimeControl "40/5400+30:900+30"]

1. d4 d5 2. c4 e6 3. Nf3 Nf6 4. Nc3 Nbd7 5. cxd5 exd5 6. Bf4 Bb4 7. Qb3 c5 8. dxc5 Qa5 9. Bd2 (9. a3 $1 $14 Bxc3+ 10. bxc3) 9... Nxc5 $15 10. Qd1 Nce4 11. Nxe4 Nxe4 12. a3 Nxd2 13. Nxd2 Be7 14. e3 Bf6 15. Qb3 (15. b4 $15 Qb6 16. Rc1) 15... O-O $17 16. Bd3 Be6 17. Bc2 (17. Qd1 $17) 17... g6 (17... Rac8 $19 {...Rfd8 wäre nun fies.} 18. Qa4 Qxa4 19. Bxa4 Bxb2) 18. Rb1 (18. Qb4 $17 {war nötig.} Qxb4 19. axb4) 18... Rac8 {[%emt 0:03:36] ...d4 ist eine echte Drohung.} 19. Bd3 d4 20. Qb4 Qxb4 21. axb4 dxe3 22. fxe3 {[%emt 0:00:29] [#]} Bxb2 $1 23. Ke2 (23. Kf2 Bf6) 23... Bc3 24. Ne4 Rfd8 25. h3 {[%emt 0:10:46] Pariert Bg4+.} Ba2 (25... f5 $19 26. Nc5 Bd5) 26. Nxc3 (26. Rbc1 $17 Be5 (26... Bxb4 27. Rxc8 Rxc8 28. Ra1 $17) 27. g4) 26... Rxc3 $19 27. Rbd1 {[%emt 0:00:05] [#]} (27. Ra1) 27... Rdxd3 $1 {[%emt 0:00:21][%mdl 512] Schwarz steht klar auf Gewinn.} 28. Rxd3 {[%emt 0:03:26][%mdl 4096] Endspiel. KRR-KRB} Bc4 29. Rhd1 f5 (29... Bxd3+ 30. Rxd3 Rxd3 31. Kxd3 $19) 30. g4 Kf7 (30... Bxd3+ 31. Rxd3 Rxd3 32. Kxd3 fxg4 33. hxg4) 31. gxf5 gxf5 32. b5 Ke6 33. b6 axb6 {[%emt 0:00:07] Gewichteter Fehlerwert: Weiß=0.65/Schwarz=0.11 (sehr präzise) .  Fehler:       	Weiß=6     	Schwarz=2     OK:         	Weiß=8     	Schwarz=11    Bester:       	Weiß=1     	Schwarz=1} 0-1

[Event "Romanian Championship 2024"]
[Site "Eforie Nord"]
[Date "2024.02.25"]
[Round "2.17"]
[White "David, Alexandru-Vasile"]
[Black "Maximov, Oleg"]
[Result "1-0"]
[ECO "B27"]
[WhiteElo "2360"]
[BlackElo "2186"]
[Annotator "RC"]
[PlyCount "81"]
[EventDate "2024.02.24"]
[EventType "swiss"]
[EventCountry "ROU"]
[SourceTitle "playchess.com"]
[Source "ChessBase"]
[SourceQuality "1"]
[TimeControl "40/5400+30:900+30"]

1. e4 c5 2. Nf3 g6 3. c3 Bg7 4. d4 cxd4 5. cxd4 d5 6. e5 Bg4 7. Bb5+ Nc6 8. Bxc6+ bxc6 9. Nbd2 Nh6 10. h3 Bd7 11. O-O O-O 12. Re1 f6 13. Nb3 Qc8 14. Nc5 Bxh3 15. gxh3 Qxh3 16. e6 Nf5 17. a4 Rfb8 18. Ra3 Qg4+ 19. Kh1 Rb4 20. Rd3 Qh5+ 21. Kg2 Qg4+ 22. Kf1 Qh3+ 23. Ke2 Ng3+ 24. Kd2 Qg2 25. Kc2 Ne4 26. Nxe4 dxe4 27. Rxe4 Rxa4 28. Kb1 Rb4 29. Qc2 Rab8 30. Re1 R4b6 31. Rc3 f5 32. Rg1 Qh3 33. Ne5 Qh2 34. Re1 Bxe5 35. dxe5 Qg2 36. f3 Qg3 37. Qd2 Qh4 38. Rd3 Kg7 39. Rd7 Re8 40. Re2 f4 41. Rh2 1-0

[Event "Romanian Championship 2024"]
[Site "Eforie Nord"]
[Date "2024.02.25"]
[Round "2.18"]
[White "Stanica, Andrei"]
[Black "Cosma, Ioan"]
[Result "0-1"]
[ECO "B06"]
[WhiteElo "1720"]
[BlackElo "2316"]
[Annotator "RC"]
[PlyCount "54"]
[EventDate "2024.02.24"]
[EventType "swiss"]
[EventCountry "ROU"]
[SourceTitle "playchess.com"]
[Source "ChessBase"]
[SourceQuality "1"]
[TimeControl "40/5400+30:900+30"]

1. e4 c5 2. c3 d5 3. exd5 Qxd5 4. d4 g6 5. Nf3 Bg7 6. Be3 cxd4 7. cxd4 Nf6 8. Nc3 Qd8 9. Bb5+ Nbd7 10. O-O O-O 11. Bxd7 Bxd7 12. d5 e6 13. dxe6 Bxe6 14. Qxd8 Rfxd8 15. Rfd1 b6 16. h3 Nd5 17. Bd4 Nxc3 18. bxc3 Rac8 19. Bxg7 Rxd1+ 20. Rxd1 Kxg7 21. Rc1 Bxa2 22. Nd2 Rd8 23. Rc2 Be6 24. g4 a5 25. f3 a4 26. c4 a3 27. Kf2 b5 0-1